 Dungeon Crawl Stone Soup version 0.21.1-1-g345015fe64 (webtiles) character file.

249 Jyngge the Covered (level 5, -7/47 HPs)
             Began as a Minotaur Fighter on June 24, 2018.
             Killed by nerve-wracking pain
             ... invoked by Menkaure
              (11 damage)
             ... on level 5 of the Dungeon.
             The game lasted 00:07:20 (2896 turns).

Jyngge the Covered (Minotaur Fighter)               Turns: 2896, Time: 00:07:21

Health: -7/47      AC:  9    Str: 22    XL:     5   Next: 86%
Magic:  4/4        EV:  8    Int:  5    God:
Gold:   162        SH:  9    Dex:  9    Spells: 4/4 levels left

rFire    . . .     SeeInvis .   a - +0 war axe
rCold    . . .     Gourm    .   c - +0 shield
rNeg     . . .     Faith    .   b - +0 scale mail
rPois    .         Spirit   .   (helmet restricted)
rElec    .         Reflect  .   (no cloak)
rCorr    .         Harm     .   y - +0 pair of gloves
MR       .....                  p - +0 pair of boots
Stlth    ..........             (no amulet)
HPRegen  0.15/turn              (no ring)
MPRegen  0.09/turn              (no ring)

@: no status effects
A: retaliatory headbutt, horns 2
a: no special abilities


You were on level 5 of the Dungeon.
You were not hungry.

You visited 1 branch of the dungeon, and saw 5 of its levels.

You collected 162 gold pieces.

Inventory:

Hand Weapons
 a - a +0 war axe (weapon)
Missiles
 g - a throwing net (quivered)
Armour
 b - a +0 scale mail (worn)
 c - a +0 shield (worn)
 o - a +0 chain mail
 p - a +0 pair of boots (worn)
 y - a +0 pair of gloves (worn)
Jewellery
 k - a +5 ring of protection {unknown}
 q - a cursed ring of loudness {unknown}
 u - an uncursed ring of magical power {unknown}
Scrolls
 e - a scroll of blinking {unknown}
 i - 2 scrolls of fear {unknown}
 j - 5 scrolls of remove curse {unknown}
 m - 7 scrolls of identify {unknown}
 n - 3 scrolls of teleportation {unknown}
 r - a scroll of enchant weapon {unknown}
 v - a scroll of immolation {unknown}
Potions
 d - a potion of might
 h - 3 potions of curing {unknown}
 l - a potion of haste {unknown}
 s - 2 potions of heal wounds {unknown}
 t - a potion of degeneration {unknown}
 x - a potion of brilliance {unknown}
 A - a potion of lignification {unknown}
Comestibles
 f - 4 rations


   Skills:
 + Level 4.7 Fighting
 + Level 4.7 Axes
 + Level 5.0 Armour
 + Level 1.4 Dodging
 + Level 4.5 Shields


You had 4 spell levels left.
You didn't know any spells.

Dungeon Overview and Level Annotations

Branches:
Dungeon (4/15)
 Temple: D:4-7

Altars:
Okawaru
Trog

Annotations:
D:4 raetorn's ghost, amateur DENe
D:5 Menkaure


Innate Abilities, Weirdness & Mutations

You reflexively headbutt those who attack you in melee.
You have a pair of horns on your head.


Message History

You kill the worker ant!
Your Armour skill increases to level 5!
You see here 10 gold pieces.
Menkaure calls on the powers of darkness!
Your body is wracked with pain!
* * * LOW HITPOINT WARNING * * *
Menkaure calls on the powers of darkness!
Your body is wracked with pain!
* * * LOW HITPOINT WARNING * * *
Menkaure grins.
Menkaure calls on the powers of darkness!
Your body is wracked with pain!
* * * LOW HITPOINT WARNING * * *
Menkaure mumbles drily.
Menkaure calls on the powers of darkness!
Your body is wracked with pain!
* * * LOW HITPOINT WARNING * * *
Menkaure casts a spell at you. Pain shoots through your body!
You die...

#
#.$.#
#...#
##..#
#..#
#..#
#.M##
##..##
##..##
###@##
##.#
###


You could see Menkaure.

Vanquished Creatures
  A sky beast (D:5)
  2 worker ants
  Terence (D:3)
  An iguana (D:4)
  2 adders
  2 worms
  2 dart slugs
  5 bats
  5 giant cockroaches
  7 goblins
  5 hobgoblins
  A quokka (D:3)
  A ball python (D:2)
  6 frilled lizards
  5 kobolds
  3 rats (D:1)
49 creatures vanquished.

Notes
Turn   | Place    | Note
-------+----------+-------------------------------------------
     0 | D:1      | Jyngge the Minotaur Fighter began the quest for the Orb.
     0 | D:1      | Reached XP level 1. HP: 19/19 MP: 0/0
   111 | D:1      | Reached XP level 2. HP: 26/27 MP: 1/1
   899 | D:2      | Reached skill level 4 in Armour
   899 | D:2      | Reached XP level 3. HP: 33/33 MP: 2/2
  1495 | D:3      | Noticed Terence
  1503 | D:3      | Killed Terence
  1503 | D:3      | Reached XP level 4. HP: 30/40 MP: 3/3
  2262 | D:3      | Found a bloodstained altar of Trog.
  2691 | D:4      | Noticed raetorn's ghost (amateur DENe)
  2703 | D:4      | Reached skill level 1 in Dodging
  2706 | D:4      | Reached XP level 5. HP: 47/47 MP: 4/4
  2729 | D:4      | You fall through a shaft!
  2729 | D:5      | Entered Level 5 of the Dungeon
  2729 | D:5      | Noticed a sky beast
  2741 | D:5      | Killed a sky beast
  2746 | D:5      | Found an iron altar of Okawaru.
  2870 | D:5      | Noticed Menkaure
  2885 | D:5      | Reached skill level 5 in Armour
  2896 | D:5      | Killed from afar by Menkaure

Skill      XL: |  1  2  3  4  5 |
---------------+----------------+-----
Fighting       | 4 |  4.7
Shields        | 4 |  4.5
Axes           | 3 4 |  4.7
Armour         | 4 5 |  5.0
Dodging        | 1 |  1.4

Action                   |  1- 3 |  4- 6 || total
-------------------------+-------+-------++-------
Melee: War axe           |    85 |    28 ||   113
       Headbutt          |    12 |     6 ||    18
  Eat: Chunk             |     2 |     2 ||     4
       Ration            |       |     1 ||     1
Armor: Scale mail        |    39 |    13 ||    52
Dodge: Dodged            |    24 |     4 ||    28
Block: Shield            |    41 |    10 ||    51
